 Dungeon Crawl Stone Soup version 0.28.0-1-gb440e238dd (webtiles) character file.

Game seed: 8926558949092742221

74 Peloso the Covered (level 4, -3/40 HPs)
             Began as a Minotaur Fighter on Feb 22, 2022.
             Slain by an orc wizard (4 damage)
             ... on level 3 of the Dungeon.
             The game lasted 00:03:12 (1197 turns).

Peloso the Covered (Minotaur Fighter)               Turns: 1197, Time: 00:03:13

Health: -3/40      AC:  7    Str: 21    XL:     4   Next: 9%
Magic:  3/3        EV:  9    Int:  5    God:
Gold:   45         SH:  4    Dex: 11    Spells: 3/3 levels left

rFire   . . .      SeeInvis .   a - +0 long sword
rCold   . . .      Faith    .   c - +0 buckler
rNeg    . . .      Spirit   .   b - +0 scale mail
rPois   .          Reflect  .   (helmet restricted)
rElec   .          Harm     .   (no cloak)
rCorr   .          Rampage  .   (no gloves)
Will    .....                   (no boots)
Stlth   ..........              (no amulet)
HPRegen 0.13/turn               (no ring)
MPRegen 0.08/turn               (no ring)

@: no status effects
A: horns 2, retaliatory headbutt
a: no special abilities


You were on level 3 of the Dungeon.
You visited 1 branch of the dungeon, and saw 3 of its levels.

You collected 45 gold pieces.

Inventory:

Hand Weapons
 a - a +0 long sword (weapon)
Armour
 b - a +0 scale mail (worn)
 c - a +0 buckler (worn)
Scrolls
 e - a scroll of teleportation {unknown}
 g - 2 scrolls of enchant weapon {unknown}
 i - a scroll of magic mapping {unknown}
 j - 2 scrolls of blinking {unknown}
Potions
 d - a potion of lignification {unknown}
 h - 2 potions of haste {unknown}


   Skills:
 + Level 3.9 Fighting
 + Level 3.2 Long Blades
 + Level 4.8 Armour
 + Level 4.3 Shields


You had 3 spell levels left.
You didn't know any spells.
Your spell library contained the following spells:

 Spells                   Type           Power      Damage    Failure   Level
 Slow                     Hex            0%         N/A       88%         1
 Confusing Touch          Hex            0%         N/A       99%         3
 Vampiric Draining        Necr           0%         2d6       99%         3
 Olgreb's Toxic Radiance  Pois           0%         N/A       100%        4
 Ozocubu's Refrigeration  Ice            0%         4d5       100%        7
 Ignition                 Fire           0%         3d3       100%        8


Dungeon Overview and Level Annotations

Branches:
Dungeon (3/15)

Altars:
Xom
Beogh

Shops:
D:1 =


Innate Abilities, Weirdness & Mutations

You have a pair of horns on your head.
You reflexively headbutt those who attack you in melee.


Message History

You open the door.
An orc, an orc wizard and 2 orc priests come into view.
The orc priest shouts!
The orc shouts!
The orc wizard shouts!
The orc priest shouts!
The orc wizard mumbles some strange words.
The orc wizard flickers and vanishes!
Deactivating autopickup; reactivate with Ctrl-A.
The orc priest casts a cantrip, but nothing happens.
Found 40 gold pieces.
Found a roughly hewn altar of Beogh.
A puff of flame appears from out of thin air!
The puff of flame hits you.
There is a stone staircase leading down here.
There is a stone staircase leading up here.
You block something's attack.
You hear some strange, mumbled words.
A puff of flame appears from out of thin air!
The puff of flame misses you. Something hits you.
You miss something. Something hits you but does no damage.
You barely miss something. Your headbutt misses something.
You hear some strange, mumbled words.
A magic dart appears from out of thin air!
The magic dart hits you.
You miss something. Your headbutt misses something.
The orc priest looks braver for a moment.
Something hits you. Something hits you but does no damage.
You hit something. Your headbutt misses something.
You hear some strange, mumbled words.
A puff of flame appears from out of thin air!
The puff of flame hits you!
You closely miss something.
The orc priest invokes the aid of Beogh against you.
Beogh smites you!
* * * LOW HITPOINT WARNING * * *
You hear some strange, mumbled words.
A puff of flame appears from out of thin air!
The puff of flame hits you!
* * * LOW HITPOINT WARNING * * *
Something hits you.
You die...

###.##.o.##..#.##########
#....#####...#.#.........
#.#..##o###.##.#.###.####
#.#......o.>.........##
#.#.###.######.#.###..#
###.#.##...>....o..###..#
....#.##..######o#......#######.
..........# #{#..............
....#.##.## #@#.....#.######
....#.##.#########.....#..#
......##.........#.....##.#####+#
....#.##########.#####.##..#.....
....#+##### ####.# #.###.#.....
###.......# #.##.# #.# #.......
#.......###.##.# #<# ##......
#.......'...##.#####'####.###..
#.......###.##.........##..##..


You could see an orc priest and an orc.

Vanquished Creatures
  An orc wizard (D:3)
  3 adders (D:2)
  3 orcs (D:3)
  An endoplasm (D:2)
  A giant cockroach (D:3)
  4 hobgoblins
  A quokka (D:1)
  2 ball pythons
  2 frilled lizards
  A kobold (D:1)
  2 rats (D:1)
21 creatures vanquished.

Notes
Turn   | Place    | Note
-------+----------+-------------------------------------------
     0 | D:1      | Peloso the Minotaur Fighter began the quest for the Orb.
     0 | D:1      | Reached XP level 1. HP: 19/19 MP: 0/0
   125 | D:1      | Found a faded altar of an unknown god.
   514 | D:1      | Found Xuap's Jewellery Shoppe.
   594 | D:2      | You fall into a shaft and drop 1 floor!
   621 | D:2      | Reached XP level 2. HP: 20/27 MP: 1/1
   628 | D:2      | Reached XP level 3. HP: 26/33 MP: 2/2
   745 | D:2      | Noticed an ogre
   881 | D:2      | Found a shimmering altar of Xom.
  1106 | D:3      | Reached XP level 4. HP: 40/40 MP: 3/3
  1196 | D:3      | HP: 1/40 [something/puff of flame (7)]
  1197 | D:3      | Slain by an orc wizard

Illustrated notes

Levels and vault maps discovered:
D:1:      minmay_arrival_diagonal_passages, layout_rooms, serial_shops,
          nicolae_lakefront_shop, ebering_ecumenical_altar_abandoned
D:2:      layout_loops_ring, basic_altar, st_stairs_3, uniq_sigmund
D:3:      layout_basic, skrybe_limestone_x, minmay_misc_feat_rows,
          kennysheep_orc_chapel

Skill      XL: |  1  2 |
---------------+-------+-----
Long Blades    | 3 |  3.2
Armour         | 4 |  4.8
Shields        | 4 |  4.3
Fighting       | |  3.9

Action                   |  1- 3 |  4- 6 || total
-------------------------+-------+-------++-------
Melee: Long sword        |    46 |    10 ||    56
       Headbutt          |     7 |     1 ||     8
  Use: Potion            |     2 |       ||     2
Armor: Scale mail        |    33 |     4 ||    37
Dodge: Dodged            |    23 |     2 ||    25
Block: Buckler           |    11 |     3 ||    14
